TOP OF THE 1ST |
Ft. Polk South Thunder Hawks batting - Pitching for Salem Misfits : RHP Martín Aguilar
|
Pitching: RHP Martín Aguilar
|
|
Batting: LHB Augusto Reyes
|
0-0: Ball 1-0: Ball 2-0: Ball 3-0: Called Strike 3-1: Base on Balls
|
Batting: LHB Yu Miao
|
0-0: Called Strike 0-1: Ball 1-1: Called Strike 1-2: Foul Ball, location: 2F 1-2: DOUBLE (Flyball, 8LXD) Augusto Reyes to third
|
Batting: RHB Kyuso Kouno
|
0-0: Fly out, F6 (Line Drive, 6M)
|
Batting: RHB Ruggiero Veneziano
|
0-0: Ball 1-0: Foul Ball, location: 2F 1-1: Foul Ball, location: 2F 1-2: Ground out 1-3 (Groundball, 13)
|
Batting: RHB Luke Thornton
|
0-0: Swinging Strike 0-1: Swinging Strike 0-2: Ball 1-2: Ball 2-2: Ball 3-2: Strikes out looking and he ARGUES THE CALL AND IS TOSSED!
|
Top of the 1st over - 0 runs, 1 hit, 0 errors, 2 left on base; Ft. Polk South 0 - Salem 0 |
BOTTOM OF THE 1ST |
Salem Misfits batting - Pitching for Ft. Polk South Thunder Hawks : RHP Daryl Keirl
|
Pitching: RHP Daryl Keirl
|
|
Now at C: Aurelius Estrada
|
|
Batting: SHB Soren Loen
|
0-0: Ball 1-0: Fly out, F7 (Flyball, 7LSF)
|
Batting: LHB Bill Gracián
|
0-0: Ball 1-0: Swinging Strike 1-1: Swinging Strike 1-2: Foul Ball, location: 2F 1-2: Foul Ball, location: 2F 1-2: Strikes out swinging
|
Batting: RHB Damon Newbold
|
0-0: Foul Ball, location: 2F 0-1: Swinging Strike 0-2: Foul Ball, location: 2F 0-2: Strikes out swinging
|
Bottom of the 1st over - 0 runs, 0 hits, 0 errors, 0 left on base; Ft. Polk South 0 - Salem 0 |
TOP OF THE 2ND |
Ft. Polk South Thunder Hawks batting - Pitching for Salem Misfits : RHP Martín Aguilar
|
Batting: RHB Thomas Feliciano
|
0-0: Swinging Strike 0-1: Ball 1-1: Swinging Strike 1-2: Fly out, F5 (Line Drive, 56)
|
Batting: RHB Melvin Aikey
|
0-0: Called Strike 0-1: Foul Ball, location: 2F 0-2: SINGLE (Groundball, 56D)
|
Batting: RHB Pedro Larate
|
0-0: Hit by Pitch Melvin Aikey to second
|
Batting: SHB Dong-joo Yu
|
0-0: Swinging Strike 0-1: Ball 1-1: Called Strike 1-2: SINGLE (Groundball, 4MD) Melvin Aikey to third Pedro Larate to second Runner from 3rd tries for Home, SAFE, no throw
|
Batting: LHB Augusto Reyes
|
0-0: Foul Ball, location: 2F 0-1: SINGLE (Groundball, 34) (infield hit) Pedro Larate to third Dong-joo Yu to second
|
Batting: LHB Yu Miao
|
0-0: Called Strike 0-1: SINGLE (Line Drive, 89S) Pedro Larate scores Dong-joo Yu to third Augusto Reyes to second Runner from 3rd tries for Home, SAFE, throw made home
|
Batting: RHB Kyuso Kouno
|
0-0: Ball 1-0: Foul Ball, location: 2F 1-1: Fielders Choice at 2nd, 3-6 (Groundball, 34) Augusto Reyes to third
|
Batting: RHB Ruggiero Veneziano
|
0-0: Fielders Choice at 2nd, 6-4 (Groundball, 6)
|
Top of the 2nd over - 3 runs, 4 hits, 0 errors, 2 left on base; Ft. Polk South 3 - Salem 0 |
BOTTOM OF THE 2ND |
Salem Misfits batting - Pitching for Ft. Polk South Thunder Hawks : RHP Daryl Keirl
|
Batting: RHB Charles Basle
|
0-0: Called Strike 0-1: Ball 1-1: Foul Ball, location: 2F 1-2: Ball 2-2: Ground out 5-3 (Groundball, 56S)
|
Batting: RHB Jean Couturier
|
0-0: Ball 1-0: Called Strike 1-1: Called Strike 1-2: SINGLE (Groundball, 6D)
|
Batting: RHB Kimi Okubo
|
0-0: Swinging Strike 0-1: Ball 1-1: Ball 2-1: Foul Ball, location: 2F 2-2: Ground out 3-1 (Groundball, 34S) Jean Couturier to second
|
Batting: RHB Austin Case
|
0-0: Swinging Strike 0-1: Ball 1-1: Foul Ball, location: 2F 1-2: Ball 2-2: Foul Ball, location: 2F 2-2: Foul Ball, location: 2F 2-2: SINGLE (Groundball, 34S) (infield hit) Jean Couturier to third
|
Batting: RHB Nelson Rivera
|
0-0: Ball 1-0: Swinging Strike 1-1: Ball 2-1: Ball 3-1: Base on Balls Austin Case to second
|
Batting: RHB Atanza Vongor
|
0-0: Foul Ball, location: 2F 0-1: Swinging Strike 0-2: Strikes out swinging
|
Bottom of the 2nd over - 0 runs, 2 hits, 0 errors, 3 left on base; Ft. Polk South 3 - Salem 0 |
TOP OF THE 3RD |
Ft. Polk South Thunder Hawks batting - Pitching for Salem Misfits : RHP Martín Aguilar
|
Batting: LHB Aurelius Estrada
|
0-0: Ball 1-0: Called Strike 1-1: Called Strike 1-2: SINGLE (Line Drive, 5L)
|
Batting: RHB Thomas Feliciano
|
0-0: Ball 1-0: Ball 2-0: Ball 3-0: Base on Balls Aurelius Estrada to second
|
Batting: RHB Melvin Aikey
|
0-0: Called Strike 0-1: Called Strike 0-2: Ball 1-2: Foul Ball, location: 2F 1-2: Strikes out looking
|
Batting: RHB Pedro Larate
|
0-0: DOUBLE (Groundball, 5L) Aurelius Estrada scores Thomas Feliciano to third Runner from 3rd tries for Home, SAFE, no throw
|
Batting: SHB Dong-joo Yu
|
0-0: Ground out 3-1 (Groundball, 34S) Pedro Larate to third
|
Batting: LHB Augusto Reyes
|
0-0: Foul Ball, location: 2F 0-1: Ball 1-1: Foul Ball, location: 2F 1-2: Ground out 2-3 (Groundball, 2L)
|
Top of the 3rd over - 2 runs, 2 hits, 0 errors, 1 left on base; Ft. Polk South 5 - Salem 0 |
BOTTOM OF THE 3RD |
Salem Misfits batting - Pitching for Ft. Polk South Thunder Hawks : RHP Daryl Keirl
|
Batting: SHB Soren Loen
|
0-0: Ball 1-0: Foul Ball, location: 2F 1-1: Ball 2-1: Swinging Strike 2-2: Foul Ball, location: 2F 2-2: Ground out 6-3 (Groundball, 6MS)
|
Batting: LHB Bill Gracián
|
0-0: Foul Ball, location: 2F 0-1: Called Strike 0-2: Ball 1-2: SINGLE (Flyball, 7LM)
|
Batting: RHB Damon Newbold
|
0-0: Foul Ball, location: 2F 0-1: Ball 1-1: Swinging Strike 1-2: SINGLE (Groundball, 6D) Bill Gracián to second
|
Batting: RHB Charles Basle
|
0-0: Ball 1-0: DOUBLE (Line Drive, 7LD) Bill Gracián scores Damon Newbold to third
|
Batting: RHB Jean Couturier
|
0-0: Ball 1-0: Ball 2-0: Foul Ball, location: 2F 2-1: Ball 3-1: Base on Balls
|
Batting: RHB Kimi Okubo
|
0-0: Ball 1-0: Called Strike 1-1: Foul Ball, location: 2F 1-2: Ball 2-2: SINGLE (Line Drive, 7LS) Damon Newbold scores Charles Basle to third Jean Couturier to second
|
Batting: RHB Austin Case
|
0-0: Called Strike 0-1: Foul Ball, location: 2F 0-2: Ball Wild Pitch! Charles Basle scores Jean Couturier to third Kimi Okubo to second 1-2: Strikes out swinging
|
Batting: RHB Nelson Rivera
|
0-0: Ground out 5-3 (Groundball, 5)
|
Bottom of the 3rd over - 3 runs, 4 hits, 0 errors, 2 left on base; Ft. Polk South 5 - Salem 3 |
TOP OF THE 4TH |
Ft. Polk South Thunder Hawks batting - Pitching for Salem Misfits : RHP Martín Aguilar
|
Batting: LHB Yu Miao
|
0-0: Ball 1-0: Ground out 1-3 (Groundball, 15S)
|
Batting: RHB Kyuso Kouno
|
0-0: Called Strike 0-1: Fly out, F6 (Popup, P)
|
Batting: RHB Ruggiero Veneziano
|
0-0: Foul Ball, location: 2F 0-1: Ball 1-1: Foul Ball, location: 2F 1-2: Fly out, F5 (Popup, 6S)
|
Top of the 4th over - 0 runs, 0 hits, 0 errors, 0 left on base; Ft. Polk South 5 - Salem 3 |
BOTTOM OF THE 4TH |
Salem Misfits batting - Pitching for Ft. Polk South Thunder Hawks : RHP Daryl Keirl
|
Batting: RHB Atanza Vongor
|
0-0: Swinging Strike 0-1: Ball 1-1: Ball 2-1: DOUBLE (Line Drive, 7LM)
|
Batting: SHB Soren Loen
|
0-0: Ball 1-0: SINGLE (Groundball, 4MD) Atanza Vongor to third Runner from 3rd tries for Home, SAFE, throw made home
|
Batting: LHB Bill Gracián
|
0-0: Ball 1-0: Ball 2-0: Called Strike 2-1: Fly out, F7 (Flyball, 78S)
|
Batting: RHB Damon Newbold
|
0-0: Ball 1-0: Ball 2-0: Ball 3-0: Called Strike 3-1: Called Strike 3-2: Strikes out swinging
|
Pitching: RHP Delano Turnipseed
|
|
Batting: RHB Charles Basle
|
0-0: Ball 1-0: Called Strike 1-1: Called Strike 1-2: Hit by Pitch Soren Loen to second
|
Batting: RHB Jean Couturier
|
0-0: Called Strike 0-1: Ball 1-1: Fly out, F9 (Flyball, 9)
|
Bottom of the 4th over - 1 run, 2 hits, 0 errors, 2 left on base; Ft. Polk South 5 - Salem 4 |
TOP OF THE 5TH |
Ft. Polk South Thunder Hawks batting - Pitching for Salem Misfits : RHP Martín Aguilar
|
Batting: LHB Aurelius Estrada
|
0-0: SINGLE (Groundball, 34D)
|
Batting: RHB Thomas Feliciano
|
0-0: Ball 1-0: Sac Bunt - play at second, runner OUT! 1-6
|
Batting: RHB Melvin Aikey
|
0-0: Ball Thomas Feliciano is caught stealing 2nd base 1-0: Ball 2-0: Swinging Strike 2-1: SINGLE (Groundball, 34D)
|
Batting: RHB Pedro Larate
|
0-0: Called Strike 0-1: Ball 1-1: Ball 2-1: Fly out, F7 (Flyball, 7LD)
|
Top of the 5th over - 0 runs, 2 hits, 0 errors, 1 left on base; Ft. Polk South 5 - Salem 4 |
BOTTOM OF THE 5TH |
Salem Misfits batting - Pitching for Ft. Polk South Thunder Hawks : RHP Delano Turnipseed
|
Batting: RHB Kimi Okubo
|
0-0: SINGLE (Line Drive, 78S)
|
Batting: RHB Austin Case
|
0-0: Called Strike 0-1: Swinging Strike 0-2: Fielders Choice at 2nd, 1-6 (Groundball, 13S)
|
Batting: RHB Nelson Rivera
|
0-0: Ball 1-0: Swinging Strike 1-1: Ball 2-1: Swinging Strike 2-2: Foul Ball, location: 2F 2-2: Ball 3-2: Fly out, F9 (Line Drive, 89M)
|
Batting: RHB Atanza Vongor
|
0-0: Called Strike 0-1: Ball 1-1: DOUBLE (Line Drive, 89D) Austin Case to third
|
Batting: SHB Soren Loen
|
0-0: Ball 1-0: Called Strike 1-1: Ground out 4-3 (Groundball, 4)
|
Bottom of the 5th over - 0 runs, 2 hits, 0 errors, 2 left on base; Ft. Polk South 5 - Salem 4 |
TOP OF THE 6TH |
Ft. Polk South Thunder Hawks batting - Pitching for Salem Misfits : RHP Martín Aguilar
|
Batting: SHB Dong-joo Yu
|
0-0: Ball 1-0: Called Strike 1-1: Called Strike 1-2: Ball 2-2: Foul Ball, location: 2F 2-2: Foul Ball, location: 2F 2-2: Foul Ball, location: 2F 2-2: Ball 3-2: Strikes out swinging
|
Batting: LHB Augusto Reyes
|
0-0: Called Strike 0-1: Foul Ball, location: 2F 0-2: SINGLE (Groundball, 4MD)
|
Batting: LHB Yu Miao
|
0-0: Ball 1-0: Called Strike 1-1: Foul Ball, location: 2F 1-2: Foul Ball, location: 2F 1-2: Strikes out swinging
|
Batting: RHB Kyuso Kouno
|
0-0: Called Strike 0-1: Foul Ball, location: 2F 0-2: Foul Ball, location: 2F 0-2: Foul Ball, location: 2F 0-2: Foul Ball, location: 2F 0-2: Ball Balk! Augusto Reyes to second 1-2: Ground out 4-3 (Groundball, 34)
|
Top of the 6th over - 0 runs, 1 hit, 0 errors, 1 left on base; Ft. Polk South 5 - Salem 4 |
BOTTOM OF THE 6TH |
Salem Misfits batting - Pitching for Ft. Polk South Thunder Hawks : RHP Delano Turnipseed
|
Batting: LHB Bill Gracián
|
0-0: Foul Ball, location: 2F 0-1: Ball 1-1: Ball 2-1: Fly out, F7 (Flyball, 7)
|
Batting: RHB Damon Newbold
|
0-0: Called Strike 0-1: Ball 1-1: Fly out, F7 (Line Drive, 7LM)
|
Batting: RHB Charles Basle
|
0-0: Foul Ball, location: 2F 0-1: SINGLE (Groundball, 6MD)
|
Batting: RHB Jean Couturier
|
0-0: Fly out, F7 (Flyball, 78S)
|
Bottom of the 6th over - 0 runs, 1 hit, 0 errors, 1 left on base; Ft. Polk South 5 - Salem 4 |
TOP OF THE 7TH |
Ft. Polk South Thunder Hawks batting - Pitching for Salem Misfits : RHP Martín Aguilar
|
Batting: RHB Ruggiero Veneziano
|
0-0: Ball 1-0: Swinging Strike 1-1: Called Strike 1-2: Fly out, F9 (Flyball, 9D)
|
Batting: LHB Aurelius Estrada
|
0-0: Ball 1-0: Called Strike 1-1: Ball 2-1: Fly out, F8 (Line Drive, 8LXD)
|
Batting: RHB Thomas Feliciano
|
0-0: Ball 1-0: DOUBLE (Line Drive, 9LM)
|
Pitching: RHP Andrés Canó
|
|
Pinch Hitting: LHB Shohei Otani
|
0-0: Ball 1-0: Foul Ball, location: 2F 1-1: Ball 2-1: Ball 3-1: Fly out, F8 (Flyball, 8LS)
|
Top of the 7th over - 0 runs, 1 hit, 0 errors, 1 left on base; Ft. Polk South 5 - Salem 4 |
BOTTOM OF THE 7TH |
Salem Misfits batting - Pitching for Ft. Polk South Thunder Hawks : RHP Delano Turnipseed
|
Now at 1B: Shohei Otani
|
|
Batting: RHB Kimi Okubo
|
0-0: Ball 1-0: Foul Ball, location: 2F 1-1: Ball 2-1: Foul Ball, location: 2F 2-2: Strikes out swinging
|
Batting: RHB Austin Case
|
0-0: Fly out, F9 (Line Drive, 9)
|
Batting: RHB Nelson Rivera
|
0-0: Ball 1-0: SINGLE (Groundball, 34S) (infield hit)
|
Pinch Hitting: LHB Gary Malone
|
0-0: Called Strike 0-1: Foul Ball, location: 2F 0-2: Ball 1-2: Fly out, F6 (Popup, P)
|
Bottom of the 7th over - 0 runs, 1 hit, 0 errors, 1 left on base; Ft. Polk South 5 - Salem 4 |
TOP OF THE 8TH |
Ft. Polk South Thunder Hawks batting - Pitching for Salem Misfits : RHP Andrés Canó
|
Now at SS: Lu Tsai
|
|
Batting: RHB Pedro Larate
|
0-0: Called Strike 0-1: Foul Ball, location: 2F 0-2: Ball 1-2: Ball 2-2: Ground out 6-3 (Groundball, 6MS)
|
Batting: SHB Dong-joo Yu
|
0-0: Called Strike 0-1: Fly out, F7 (Flyball, 78S)
|
Batting: LHB Augusto Reyes
|
0-0: Ball 1-0: Ball 2-0: Called Strike 2-1: Called Strike 2-2: Foul Ball, location: 2F 2-2: Foul Ball, location: 2F 2-2: Ball 3-2: SINGLE (Line Drive, 8LS)
|
Batting: LHB Yu Miao
|
0-0: SINGLE (Line Drive, 8LS) Augusto Reyes to second
|
Batting: RHB Kyuso Kouno
|
0-0: Ball 1-0: Ball 2-0: Swinging Strike 2-1: DOUBLE (Flyball, 8RD) Augusto Reyes scores Yu Miao to third Runner from 3rd tries for Home, SAFE, no throw
|
Pitching: RHP Bogdon Sokolov
|
|
Batting: RHB Ruggiero Veneziano
|
0-0: Ball 1-0: Foul Ball, location: 2F 1-1: Fly out, F7 (Flyball, 7)
|
Top of the 8th over - 2 runs, 3 hits, 0 errors, 1 left on base; Ft. Polk South 7 - Salem 4 |
BOTTOM OF THE 8TH |
Salem Misfits batting - Pitching for Ft. Polk South Thunder Hawks : RHP Delano Turnipseed
|
Batting: SHB Soren Loen
|
0-0: Foul Ball, location: 2F 0-1: Ball 1-1: Ground out 1-3 (Groundball, 13)
|
Batting: LHB Bill Gracián
|
0-0: Ball 1-0: SINGLE (Line Drive, 8LS)
|
Batting: RHB Damon Newbold
|
0-0: Ball 1-0: Ball 2-0: Called Strike 2-1: Called Strike 2-2: Foul Ball, location: 2F 2-2: Ball 3-2: Foul Ball, location: 2F 3-2: Foul Ball, location: 2F 3-2: Foul Ball, location: 2F 3-2: Ground out 5-3 (Groundball, 5S) Bill Gracián to second
|
Batting: RHB Charles Basle
|
0-0: Called Strike 0-1: Swinging Strike 0-2: Ball 1-2: Ball 2-2: Ball 3-2: Ground out 5-3 (Groundball, 56S)
|
Bottom of the 8th over - 0 runs, 1 hit, 0 errors, 1 left on base; Ft. Polk South 7 - Salem 4 |
TOP OF THE 9TH |
Ft. Polk South Thunder Hawks batting - Pitching for Salem Misfits : RHP Bogdon Sokolov
|
Batting: LHB Aurelius Estrada
|
0-0: Ball 1-0: Ball 2-0: Ground out 5-3 (Groundball, 56S)
|
Batting: RHB Thomas Feliciano
|
0-0: Swinging Strike 0-1: Foul Ball, location: 2F 0-2: Strikes out swinging
|
Batting: LHB Shohei Otani
|
0-0: Called Strike 0-1: Ball 1-1: SINGLE (Flyball, 7LS)
|
Batting: RHB Pedro Larate
|
0-0: Ball 1-0: SINGLE (Groundball, 56D) Shohei Otani to second
|
Batting: SHB Dong-joo Yu
|
0-0: Ball 1-0: Ground out U3 (Groundball, 3)
|
Top of the 9th over - 0 runs, 2 hits, 0 errors, 2 left on base; Ft. Polk South 7 - Salem 4 |
BOTTOM OF THE 9TH |
Salem Misfits batting - Pitching for Ft. Polk South Thunder Hawks : RHP Delano Turnipseed
|
Pitching: RHP Seong-hyeon Pak
|
|
Batting: RHB Jean Couturier
|
0-0: Foul Ball, location: 2F 0-1: SINGLE (Line Drive, 89S)
|
Batting: RHB Kimi Okubo
|
0-0: Foul Ball, location: 2F 0-1: Ball 1-1: Fly out, F9 (Flyball, 9LMF)
|
Batting: RHB Austin Case
|
0-0: Ball 1-0: Called Strike 1-1: SINGLE (Groundball, 4MD) Jean Couturier to second
|
Pinch Hitting: LHB Pedro Reyes
|
0-0: Ball 1-0: Ball 2-0: Ball 3-0: Called Strike 3-1: Base on Balls Jean Couturier to third Austin Case to second
|
Pinch Hitting: LHB Donatas Montiejunas
|
0-0: Called Strike 0-1: Ball 1-1: Foul Ball, location: 2F 1-2: DOUBLE (Flyball, 8LXD) Jean Couturier scores Austin Case scores Pedro Reyes to third Runner from 3rd tries for Home, SAFE, no throw
|
Batting: SHB Soren Loen
|
0-0: Swinging Strike 0-1: Foul Ball, location: 2F 0-2: Ball 1-2: Strikes out swinging
|
Batting: LHB Bill Gracián
|
0-0: Ball 1-0: Called Strike 1-1: Ball 2-1: Ground out 6-3 (Groundball, 6)
|
Bottom of the 9th over - 3 runs, 3 hits, 0 errors, 1 left on base; Ft. Polk South 7 - Salem 7 |
TOP OF THE 10TH |
Ft. Polk South Thunder Hawks batting - Pitching for Salem Misfits : RHP Bogdon Sokolov
|
Pitching: RHP Rauno Seales
|
|
Now at 3B: Pedro Reyes
|
|
Now in LF: Donatas Montiejunas
|
|
Batting: LHB Augusto Reyes
|
0-0: Ball 1-0: Ground out 6-3 (Groundball, 4M)
|
Batting: LHB Yu Miao
|
0-0: Ground out 6-3 (Groundball, 6M)
|
Batting: RHB Kyuso Kouno
|
0-0: Called Strike 0-1: Foul Ball, location: 2F 0-2: Foul Ball, location: 2F 0-2: Fly out, F9 (Flyball, 89S)
|
Top of the 10th over - 0 runs, 0 hits, 0 errors, 0 left on base; Ft. Polk South 7 - Salem 7 |
BOTTOM OF THE 10TH |
Salem Misfits batting - Pitching for Ft. Polk South Thunder Hawks : RHP Seong-hyeon Pak
|
Batting: RHB Damon Newbold
|
0-0: Foul Ball, location: 2F 0-1: Ball 1-1: Foul Ball, location: 2F 1-2: Ground out 5-3 (Groundball, 56)
|
Batting: RHB Charles Basle
|
0-0: Ball 1-0: SINGLE (Line Drive, 89M)
|
Batting: RHB Jean Couturier
|
0-0: Ball 1-0: Called Strike 1-1: Ground out 5-3 (Groundball, 56S) Charles Basle to second
|
Batting: RHB Kimi Okubo
|
0-0: Ball 1-0: Ball 2-0: Ball 3-0: Called Strike 3-1: Foul Ball, location: 2F 3-2: Base on Balls
|
Batting: RHB Austin Case
|
0-0: Fielders Choice at 2nd, 5-4 (Groundball, 56)
|
Bottom of the 10th over - 0 runs, 1 hit, 0 errors, 2 left on base; Ft. Polk South 7 - Salem 7 |
TOP OF THE 11TH |
Ft. Polk South Thunder Hawks batting - Pitching for Salem Misfits : RHP Rauno Seales
|
Batting: RHB Ruggiero Veneziano
|
0-0: Ball 1-0: Called Strike 1-1: Foul Ball, location: 2F 1-2: Strikes out swinging
|
Batting: LHB Aurelius Estrada
|
0-0: Called Strike 0-1: Called Strike 0-2: SINGLE (Line Drive, 89S)
|
Batting: RHB Thomas Feliciano
|
0-0: Ball 1-0: Called Strike 1-1: Swinging Strike 1-2: Ball 2-2: Foul Ball, location: 2F 2-2: Strikes out swinging
|
Batting: LHB Shohei Otani
|
0-0: Called Strike 0-1: Foul Ball, location: 2F 0-2: Ball 1-2: Ball 2-2: Ball 3-2: Base on Balls Aurelius Estrada to second
|
Batting: RHB Pedro Larate
|
0-0: Ball 1-0: Called Strike 1-1: Foul Ball, location: 2F 1-2: Fly out, F6 (Line Drive, 6)
|
Top of the 11th over - 0 runs, 1 hit, 0 errors, 2 left on base; Ft. Polk South 7 - Salem 7 |
BOTTOM OF THE 11TH |
Salem Misfits batting - Pitching for Ft. Polk South Thunder Hawks : RHP Seong-hyeon Pak
|
Batting: LHB Pedro Reyes
|
0-0: Foul Ball, location: 2F 0-1: Ball 1-1: Ball 2-1: SINGLE (Groundball, 56D)
|
Batting: LHB Donatas Montiejunas
|
0-0: Ball 1-0: Called Strike 1-1: Foul Ball, location: 2F 1-2: Ball 2-2: Ball 3-2: SINGLE (Line Drive, 8LS) Pedro Reyes to second
|
Batting: SHB Soren Loen
|
0-0: SINGLE (Groundball, 56S) (infield hit) Pedro Reyes to third Donatas Montiejunas to second
|
Batting: LHB Bill Gracián
|
0-0: Called Strike 0-1: Ball 1-1: Fly out, F6 (Popup, 6M)
|
Batting: RHB Damon Newbold
|
0-0: Ball 1-0: Ball 2-0: Fly out, F2 (Popup, 2RF)
|
Batting: RHB Charles Basle
|
0-0: Ball 1-0: Called Strike 1-1: Ball 2-1: Ball 3-1: Base on Balls Pedro Reyes scores Donatas Montiejunas to third Soren Loen to second
|
Friday, March 29th, 2019 - OOTP Baseball 18.8 Build 76
|
|